 Dungeon Sprint DCSS version 0.28-a0-1356-g2ad6d04315 (webtiles) character file.

Game seed: 1859243528172423472

592 mhtbhm the Basher (level 7, 0/65 HPs)
             Began as a Human Berserker on Dec 30, 2021.
             Was an Elder of Trog.
             Slain by a vampire (10 damage)
             ... in the Dungeon (Sprint IX: "|||||||||||||||||||||||||||||").
             The game lasted 00:00:39 (420 turns).

mhtbhm the Basher (Human Berserker)                  Turns: 420, Time: 00:00:40

Health: 0/65       AC:  9    Str: 19    XL:     7   Next: 66%
Magic:  7/7        EV: 14    Int: 10    God:    Trog [****..]
Gold:   0          SH:  0    Dex: 13    Spells: 6/6 levels left

rFire   . . .      SeeInvis .   a - +2 morningstar (vorpal)
rCold   . . .      Faith    .   (no shield)
rNeg    . . .      Spirit   .   b - +1 scale mail
rPois   .          Reflect  .   k - +0 helmet
rElec   .          Harm     .   (no cloak)
rCorr   .          Rampage  .   (no gloves)
Will    .....      NoTele   +   (no boots)
Stlth   ..........              (no amulet)
HPRegen 0.20/turn               l - +2 ring of evasion
MPRegen 0.10/turn               m - +3 ring of intelligence

@: on berserk cooldown, slowed, invisible, very slow
A: no striking features
a: Renounce Religion, Berserk, Trog's Hand, Brothers in Arms


You were in the Dungeon.
You worshipped Trog.
Trog was greatly pleased with you.
You visited 1 branch

Inventory:

Hand Weapons
 a - a +2 vorpal morningstar (weapon)
Armour
 b - a +1 scale mail (worn)
 k - a +0 helmet (worn)
Jewellery
 l - a +2 ring of evasion (left hand)
 m - a +3 ring of intelligence (right hand)
Wands
 j - a wand of acid (10)
Scrolls
 h - 2 scrolls of blinking
Potions
 c - 5 potions of curing
 d - a potion of heal wounds
 e - a potion of haste
 f - 4 potions of magic
 g - a potion of berserk rage


   Skills:
 + Level 9.8 Fighting
 + Level 10.3 Maces & Flails
 + Level 5.3 Armour
 + Level 6.1 Dodging


You had 6 spell levels left.
You didn't know any spells.
Your spell library was empty.

Dungeon Overview and Level Annotations

Branches:
Dungeon (1/1)

Altars:
Cheibriados
Dithmenos
Elyvilon
Fedhas
Gozag
Hepliaklqana
Kikubaaqudgha
Makhleb
Nemelex Xobeh
Okawaru
Qazlal
Ru
Sif Muna
Trog
Uskayaw
Vehumet
Wu Jian
Xom
Yredelemnul
Zin
The Shining One
Beogh
Jiyva
Lugonu


Message History

You are too injured to fight recklessly!
You are too injured to fight recklessly!
You are too injured to fight recklessly!
You are too injured to fight recklessly!
You are too injured to fight recklessly!
You are too injured to fight recklessly!
You are too injured to fight recklessly!
You are too injured to fight recklessly!
You are too injured to fight recklessly!
You are too injured to fight recklessly!
You closely miss something. Something barely misses you.
Something bites you but does no damage.
You puncture something! You closely miss something.
Something hits you but does no damage. Something completely misses you.
You hit something. Something hits you! Something bites you.
Something draws strength from your injuries!
You miss something. Something hits you!
* * * LOW HITPOINT WARNING * * *
Something bites you.
* * * LOW HITPOINT WARNING * * *
Something draws strength from your injuries!
You hit something but do no damage.
You are no longer berserk.
You are exhausted.
You feel yourself slow down.
Unknown command.
You feel much better. Something hits you. Something bites you.
Something draws strength from your injuries!
Something hits you. Something bites you but does no damage.
Unknown command.
You fade into invisibility!
Something hits you!
* * * LOW HITPOINT WARNING * * *
Something bites you but does no damage.
Unknown command.
You feel much better.
* * * LOW HITPOINT WARNING * * *
Something barely misses you. Something bites you!
You die... ▓▓▓▓▓▓▓▓▓▓▓▓▓▓▓▓▓▓▓▓▓▓ ____'.?).[[...')@{TY.+ ▓▓▓▓▓▓▓▓▓▓▓▓▓▓▓▓▓▓▓▓▓▓

You could see a yak and a troll.

Vanquished Creatures
  A gargoyle (D)
  A water moccasin (D)
  2 centaurs (D)
  A hound (D)
  An adder skeleton (D)
  A ball python (D)
  A bat skeleton (D)
  A hobgoblin (D)
  A quokka (D)
  3 bats (D)
13 creatures vanquished.

Notes
Turn   | Place    | Note
-------+----------+-------------------------------------------
     0 | D        | mhtbhm the Human Berserker began the quest for the Orb.
     0 | D        | Reached XP level 1. HP: 18/18 MP: 1/1
    14 | D        | Reached ** piety under Trog
   217 | D        | Noticed a hound
   217 | D        | Noticed a water moccasin
   220 | D        | Killed a hound
   221 | D        | Reached skill level 5 in Fighting
   221 | D        | Reached skill level 4 in Maces & Flails
   221 | D        | Reached XP level 2. HP: 27/27 MP: 2/2
   221 | D        | Reached XP level 3. HP: 33/33 MP: 3/3
   221 | D        | Reached *** piety under Trog
   228 | D        | Killed a water moccasin
   229 | D        | Reached skill level 7 in Maces & Flails
   229 | D        | Reached XP level 4. HP: 42/43 MP: 4/4
   229 | D        | Reached XP level 5. HP: 47/48 MP: 5/5
   281 | D        | Found a snail-covered altar of Cheibriados.
   281 | D        | Found a shadowy altar of Dithmenos.
   281 | D        | Found a white marble altar of Elyvilon.
   281 | D        | Found a blossoming altar of Fedhas.
   281 | D        | Found an opulent altar of Gozag.
   282 | D        | Found a hazy altar of Hepliaklqana.
   283 | D        | Found a viscous altar of Jiyva.
   284 | D        | Found an ancient bone altar of Kikubaaqudgha.
   285 | D        | Found a corrupted altar of Lugonu.
   286 | D        | Found a burning altar of Makhleb.
   287 | D        | Found a sparkling altar of Nemelex Xobeh.
   288 | D        | Found an iron altar of Okawaru.
   289 | D        | Found a stormy altar of Qazlal.
   290 | D        | Found a sacrificial altar of Ru.
   291 | D        | Found a shimmering blue altar of Sif Muna.
   292 | D        | Found a bloodstained altar of Trog.
   293 | D        | Found a hide-covered altar of Uskayaw.
   294 | D        | Found a radiant altar of Vehumet.
   295 | D        | Found an ornate altar of the Wu Jian Council.
   296 | D        | Found a shimmering altar of Xom.
   297 | D        | Found a basalt altar of Yredelemnul.
   298 | D        | Found a glowing silver altar of Zin.
   299 | D        | Found a glowing golden altar of the Shining One.
   399 | D        | Noticed a centaur
   399 | D        | Noticed a gargoyle
   399 | D        | Noticed a centaur
   399 | D        | Noticed a vampire
   399 | D        | Noticed a troll
   399 | D        | Noticed a yak
   405 | D        | Killed a centaur
   406 | D        | Reached skill level 8 in Maces & Flails
   406 | D        | Reached XP level 6. HP: 56/56 MP: 6/6
   407 | D        | Killed a gargoyle
   407 | D        | Reached **** piety under Trog
   408 | D        | Reached skill level 10 in Maces & Flails
   408 | D        | Reached skill level 5 in Armour
   408 | D        | Reached skill level 5 in Dodging
   408 | D        | Reached XP level 7. HP: 58/64 MP: 7/7
   420 | D        | Slain by a vampire

Illustrated notes

Levels and vault maps discovered:
D:        linesprint [early_d, line_temple, items_1, d_10, items_2, lair_1,
          lair_end, items_3, orc_1, orc_end, items_4, d_15, swamp_1, shoals_1,
          snake_1, spider_1, d_20, vaults_1, items_5, swamp_end, shoals_end,
          snake_end, spider_end, vaults_end, d_27, items_6, zot_1, zot_end,
          crypt_end, forest_end, elf_end, slime_end, tomb_end, abyss_end,
          pan_hell_end]

Skill      XL: |  1  2  3  4  5  6  7 |
---------------+----------------------+-----
Fighting       | 5 7 9 |  9.8
Maces & Flails | 4 7 8 10 | 10.3
Armour         | 3 4 5 |  5.3
Dodging        | 4 5 6 |  6.1

Action                   |  1- 3 |  4- 6 |  7- 9 || total
-------------------------+-------+-------+-------++-------
Melee: Mace              |    27 |     2 |       ||    29
       Morningstar       |       |     6 |     8 ||    14
Invok: Berserk           |     1 |     1 |       ||     2
  Use: Potion            |       |       |     3 ||     3
Armor: Animal skin       |     6 |       |       ||     6
       Scale mail        |       |     3 |     5 ||     8
Dodge: Dodged            |    22 |     5 |     7 ||    34

Table legend: (Time is in decaauts)
 A = Elapsed time spent in this place.
 B = Non-inter-level travel time spent in this place.
 C = Inter-level travel time spent in this place.
 D = Time resting spent in this place.
 E = Time spent auto-exploring this place.
 F = Levels seen in this place.
 G = Mean time per level.
                   A        B        C        D        E       F      G
               +--------+--------+--------+--------+--------+-----+--------+
         Total |    431 |    431 |      0 |    303 |      3 |   1 |  431.0 |
       Dungeon |    431 |    431 |      0 |    303 |      3 |   1 |  431.0 |
               +--------+--------+--------+--------+--------+-----+--------+

Top non-repeatable levels by time:
       D: 431 daAuts
